Match 41459260
Unlisted

Match 41459260
End
Selects Luftwaffe Battlegroup
Selects Luftwaffe Pioneer Support
Fallschirmpioneer Squad Paradrop
Construct Infanterie Kompanie
MG 42 Machine Gun Team
Fallschirmpioneer Squad Paradrop
GrW 34 Mortar Team
Infanterie Officer Quarters
Construct Panzergrenadier Kompanie
Selects Reconnaissance Run
Selects Fallschirmjäger Squad Paradrop
Selects Fallschirmjäger Squad Paradrop
Pak 40 Anti-tank Gun Team
Panzergrenadier Officer Quarters
Fallschirmjäger Squad Paradrop
Fallschirmjäger Squad Paradrop
Reconnaissance Run
Selects Flak 38 Anti-Air Emplacement
Construct Panzer Kompanie
Selects Fragmentation Bombs
Fragmentation Bombs
Stoßtruppen Squad
Reconnaissance Run
Reconnaissance Run
Fragmentation Bombs
Sturmpanzer IV Brummbär
Selects Infantry Reserves
Medical Station
Pak 40 Anti-tank Gun Team
Sturmpanzer IV Brummbär
Reconnaissance Run
Stoßtruppen Squad
Sturmpanzer IV Brummbär
Reconnaissance Run
Side Skirts
Stoßtruppen Squad
Stoßtruppen Squad
Fruti2k
Gosling Svodovich
ryanpetro
Castle Bravo
0
0

Comments sign in to comment!

No comments posted yet!